 Dungeon Crawl Stone Soup version 0.32-a0-20-ge526923d97 (webtiles) character file.

Game seed: 10521779210190555162

77081 Hellonello the Metamorph (level 15, -1/123 HPs)
             Began as an Octopode Shapeshifter on Jan 17, 2024.
             Was an Initiate of Gozag.
             Slain by a vault guard
             ... wielding a +2 broad axe of distortion
              (23 damage)
             ... on level 14 of the Dungeon.
             The game lasted 00:49:41 (23163 turns).

Hellonello the Metamorph (Octopode Shapeshifter)   Turns: 23163, Time: 00:49:42

Health: -1/123     AC: 14    Str: 23    XL:     15   Next: 55%
Magic:  15/15      EV: 26    Int: 15    God:    Gozag
Gold:   3557       SH:  5    Dex: 32    Spells: 14/14 levels left

rFire   . .          .
                       - Unarmed
rCold   + . .        (shield currently unavailable)
rNeg    + . .        (helmet currently unavailable)
rPois   +            N - amulet of reflection
rElec   +            e - ring of resist corrosion
rCorr   +            L - ring of the Red Skies {Wiz rN+ rCorr Int+3}
SInv    +            E - +6 ring of dexterity
Will    +....        F - +4 ring of slaying
Stlth   +            d - ring "Numunec" {rElec rC+ Str+5 Dex+6 Stlth-}
HPRegen 0.40/turn    O - ring of see invisible
MPRegen 0.14/turn    (no ring)
                     (no ring)

%: reflection, wizardry (x1)
@: snake-form, gold aura
A: constrict, boosted hp, almost no armour, amphibious, 8 rings, large,
(camouflage 1), (gelatinous body 1), (nimble swimmer 1), (tentacles)
a: Begin Untransformation, Renounce Religion, Potion Petition, Call Merchant,
Bribe Branch


You were on level 14 of the Dungeon.
You worshipped Gozag.
Gozag was most pleased with you.
You were an enormous serpent.
You visited 3 branches of the dungeon, and saw 20 of its levels.
You also visited: Ossuary, Bailey and Ice Cave.

You collected 6723 gold pieces.
You spent 941 gold pieces at shops.
You paid 2225 gold pieces to Gozag.

Inventory:

Missiles
 x - a throwing net (quivered)
Jewellery
 d - the ring "Numunec" (on tentacle) {rElec rC+ Str+5 Dex+6 Stlth-}
   (You bought it in a shop on level 1 of the Lair of Beasts)

   [ring of dexterity]

   Str+5:     It affects your strength (+5).
   Dex+6:     It affects your dexterity (+6).
   rC+:       It protects you from cold.
   rElec:     It insulates you from electricity.
   Stlth-:    It makes you less stealthy.
 e - a ring of resist corrosion (left tentacle)
 C - a ring of positive energy
 E - a +6 ring of dexterity (on tentacle)
 F - a +4 ring of slaying (on tentacle)
 L - the ring of the Red Skies (right tentacle) {Wiz rN+ rCorr Int+3}
   (You found it on level 3 of the Lair of Beasts)

   [ring of wizardry]

   Wiz:       It improves your spell success rate.
   Int+3:     It affects your intelligence (+3).
   rN+:       It protects you from negative energy.
   rCorr:     It protects you from acid and corrosion.
 N - an amulet of reflection (around neck)
 O - a ring of see invisible (on tentacle)
 T - an amulet of guardian spirit
Talismans
 b - a beast talisman
 c - a flux talisman
 m - a storm talisman
 I - a serpent talisman (active)
Wands
 q - a wand of flame (19)
 w - a wand of charming (11)
 z - a wand of polymorph (3)
 D - a wand of mindburst (7)
 P - a wand of roots (9)
 R - a wand of quicksilver (7)
Scrolls
 a - a scroll of fear
 h - 5 scrolls of enchant armour
 j - 6 scrolls of teleportation
 y - 3 scrolls of enchant weapon
 G - a scroll of silence
 H - 3 scrolls of blinking
 J - 5 scrolls of revelation
 K - a scroll of torment
 M - a scroll of poison
 Q - 2 scrolls of amnesia
 S - 4 scrolls of identify
Potions
 f - 8 potions of haste
 g - a potion of mutation
 i - 6 potions of magic
 k - 7 potions of enlightenment
 l - 2 potions of berserk rage
 n - 3 potions of lignification
 o - a potion of attraction
 p - 15 potions of curing
 r - 2 potions of might
 s - 2 potions of ambrosia
 t - 5 potions of resistance
 u - 3 potions of invisibility
 v - 7 potions of heal wounds
 A - 3 potions of brilliance
 B - 2 potions of degeneration


   Skills:
 - Level 10.0 Fighting
 - Level 15.0 Dodging
 - Level 12.0 Unarmed Combat
 + Level 18.1 Shapeshifting


You had 14 spell levels left.
You didn't know any spells.
Your spell library contained the following spells:

 Spells                   Type           Power      Damage    Failure   Level
 Apportation              Tloc           0%         N/A       11%         1
 Magic Dart               Conj           0%         1d3       11%         1
 Blink                    Tloc           0%         N/A       16%         2
 Call Imp                 Summ           0%         N/A       16%         2
 Jinxbite                 Hex            0%         N/A       16%         2
 Dazzling Flash           Conj/Hex       0%         N/A       32%         3
 Hailstorm                Conj/Ice       0%         3d5       32%         3
 Mephitic Cloud           Conj/Alch/Air  0%         N/A       32%         3
 Summon Ice Beast         Ice/Summ       0%         N/A       32%         3
 Tukima's Dance           Hex            0%         N/A       32%         3
 Volatile Blastmotes      Fire/Tloc      0%         2d10      32%         3
 Brom's Barrelling Bould  Conj/Erth      0%         2d3       69%         4
 Dimensional Bullseye     Hex/Tloc       0%         N/A       69%         4
 Iskenderun's Mystic Bla  Conj/Tloc      0%         2d3       69%         4
 Alistair's Intoxication  Alch           0%         N/A       95%         5
 Borgnjor's Vile Clutch   Necr/Erth      0%         N/A       95%         5
 Curse of Agony           Necr           0%         N/A       95%         5
 Fireball                 Conj/Fire      0%         3d3       95%         5
 Iskenderun's Battlesphe  Conj           0%         2d6       95%         5
 Silence                  Hex/Air        0%         N/A       95%         5
 Summon Mana Viper        Hex/Summ       0%         N/A       95%         5
 Conjure Ball Lightning   Conj/Air       0%         3x3d6     100%        6
 Death Channel            Necr           0%         N/A       100%        6
 Sculpt Simulacrum        Ice/Alch       0%         N/A       100%        6
 Starburst                Conj/Fire      0%         6d3       100%        6
 Haunt                    Necr/Summ      0%         N/A       100%        7
 Monstrous Menagerie      Summ           0%         N/A       100%        7
 Orb of Destruction       Conj           0%         9d5       100%        7
 Ozocubu's Refrigeration  Ice            0%         4d7       100%        7
 Borgnjor's Revivificati  Necr           0%         N/A       100%        8
 Maxwell's Capacitive Co  Air            0%         ∞         100%        8
 Death's Door             Necr           0%         N/A       100%        9
 Polar Vortex             Ice            0%         N/A       100%        9
 Animate Dead             Necr           Unusable   N/A       N/A         4

Dungeon Overview and Level Annotations

Branches:
Dungeon (14/15)            Temple (1/1) D:7            Lair (5/5) D:8
  Swamp (0/4) Lair:3        Snake (0/4) Lair:3        Slime (0/5) Lair:5
    Orc (0/2) D:9         Ossuary (visited)          Bailey (visited)
  IceCv (visited)
 Vaults: D:13-14

Altars:
Ashenzari
Cheibriados
Dithmenos
Elyvilon
Fedhas
Gozag
Hepliaklqana
Kikubaaqudgha
Makhleb
Nemelex Xobeh
Okawaru
Qazlal
Ru
Sif Muna
Trog
Uskayaw
Vehumet
Wu Jian
Xom
Yredelemnul
Zin
The Shining One

Shops:
D:7 *   D:9 ?(   D:12 *   Lair:1 *   Lair:4 =

Portals:
Trove: D:10 (show abyssal rune of Zot)

Annotations:
Lair:1 2 transporters, xnavy's ghost, journeyman GnCA


Innate Abilities, Weirdness & Mutations

You are an enormous serpent.
You have a powerful constriction melee attack.
Your maximum health is increased.
Your armour is entirely melded.
You are incapable of wielding weapons or throwing items.
You cannot wear most types of armour.
You are amphibious.
You can wear up to eight rings at the same time.
((Your skin changes colour to match your surroundings (Stealth+).))
((Your rubbery body absorbs attacks. (AC +1, EV +1)))
((You are camouflaged when in or above water. (Stealth+)))
((You have tentacles for arms and can constrict up to eight enemies at once.))


Message History

The freezing wraith closely misses you. The freezing wraith hits you!
The freezing wraith drains your vigour!
You feel yourself slow down.
The hornet buzzes angrily.
You lash the freezing wraith!
You destroy the freezing wraith!
The cyan ugly thing is distracted by your dazzling golden aura.
You are no longer corroded.
The vault guard is no longer distracted by gold.
The hornet is no longer distracted by gold.
The cyan ugly thing is no longer distracted by gold.
You closely miss the cyan ugly thing. You grab the cyan ugly thing.
You constrict the cyan ugly thing. The cyan ugly thing closely misses you.
You lash the cyan ugly thing!
The cyan ugly thing is moderately wounded.
You constrict the cyan ugly thing. The cyan ugly thing misses you.
The cyan ugly thing completely misses you.
You lash the cyan ugly thing!
The cyan ugly thing is heavily wounded.
You constrict the cyan ugly thing! You block the cyan ugly thing's attack.
You hit the cyan ugly thing.
The cyan ugly thing is almost dead.
You constrict the cyan ugly thing!
The deep elf pyromancer mumbles some strange words.
The deep elf pyromancer blinks!
The cyan ugly thing misses you.
You lash the deep elf pyromancer!
The deep elf pyromancer is lightly wounded.
You constrict the cyan ugly thing.
You kill the cyan ugly thing!
The deep elf pyromancer hits you but does no damage.
The vault guard hits you with a +2 broad axe of distortion!
Space warps horribly around you!
* * * LOW HITPOINT WARNING * * *
The deep elf pyromancer completely misses you.
You lash the deep elf pyromancer! You grab the deep elf pyromancer.
The deep elf pyromancer is heavily wounded.
You feel yourself speed up.
You constrict the deep elf pyromancer.
The vault guard hits you with a +2 broad axe of distortion!!
You die...
Your body crumbles into a pile of gold.

#<.# #..# #...#
#....... #..# #..#
#...#####.......
#..# #..#
#...............
#..# #..#
#...[..[........
#..#####..#
#...............
#.........#
#...#####.......
#.........# ##...#
#.......
#############e...#
#.......
#.#.#S#...#
#.......
#$#p##...#
#....... #R#.#...#
#.......
#○#.##...#
#....... #W#
#?#...# #.......
#y#
##...#####.......
#.#
#...............
#!#
#...............
#########
#..#####........


You could see a vault guard, a freezing wraith, a deep elf pyromancer, an efreet
and a hornet.

Vanquished Creatures
  A frost giant (IceCv)
  An orc warlord (D:12)
  Fannar (Lair:1)
  2 vault guards (Bailey)
  An ice dragon (Lair:4)
  3 hydras
  5 centaur warriors
  5 catoblepae
  2 two-headed ogres
  A tengu warrior (D:13)
  2 boulder beetles
  12 death yaks
  An orc high priest (D:12)
  2 skysharks (Lair:4)
  Pikel (D:8)
  A deep elf pyromancer (D:12)
  2 orc sorcerers (D:12)
  4 ugly things
  3 orc knights (D:12)
  3 cyclopes
  5 elephants (Lair:4)
  Maurice (D:9)
  6 manticores
  An ice statue (IceCv)
  6 black mambas
  2 torpor snails (Lair:1)
  3 rust devils (D:13)
  A smoke demon (D:13)
  An unseen horror (D:10)
  A gargoyle (D:13)
  Maggie (Lair:1)
  An orange demon (D:12)
  5 cane toads
  An efreet (D:13)
  A kobold demonologist (D:9)
  5 komodo dragons
  9 rime drakes
  A freezing wraith (D:14)
  A tengu conjurer (D:13)
  An ice devil (D:13)
  8 trolls
  6 polar bears
  A hellwing (D:13)
  Prince Ribbit (Bailey)
  11 blink frogs (Lair:5)
  12 dream sheep
  10 slime creatures
  3 humans (Bailey)
  3 wyverns
  4 water elementals (D:13)
  2 ynoxinuls (D:13)
  A wraith (D:13)
  72 yaks
  Eustachio (D:4)
  Menkaure (D:5)
  4 basilisks
  A chaos spawn (D:13)
  5 vampire mosquitoes (D:14)
  11 water moccasins
  4 nagas (Lair:3)
  3 acid dragons
  3 black bears
  4 orc warriors
  2 laughing skulls (D:13)
  A sky beast (D:7)
  An ogre (D:6)
  16 wolves
  8 centaurs
  A lemure (D:8)
  4 phantoms
  3 elf zombies (Ossuary)
  2 gnoll sergeants
  19 bullfrogs
  2 kobold brigands
  A scorpion (D:5)
  6 wights
  5 killer bees (D:10)
  6 howler monkeys
  5 electric eels
  3 bombardier beetles
  2 centaur zombies (Ossuary)
  A jelly (D:5)
  5 orc priests
  A gnoll bouda (D:5)
  2 hounds (D:4)
  Crazy Yiuf (D:7)
  2 sleepcaps
  3 iguanas
  14 orc wizards
  6 hell rats (Lair:2)
  5 hound zombies (Ossuary)
  2 mummies (Ossuary)
  20 gnolls
  3 adders
  3 river rats (Lair:2)
  2 shadow imps
  3 white imps
  10 adder zombies
  2 adder skeletons (D:2)
  2 dart slugs
  3 ribbon worms
  52 orcs
  A bat skeleton (D:2)
  3 bat zombies (D:2)
  6 endoplasms
  4 giant cockroaches
  5 gnoll zombies (Ossuary)
  10 goblins
  13 hobgoblins
  17 kobolds
  6 quokkas
  6 ball pythons
  A ball python skeleton (D:2)
  A ball python zombie (D:2)
  9 bats
  4 frilled lizards
  2 jackal zombies (Ossuary)
  4 kobold zombies (Ossuary)
  6 orc zombies (Ossuary)
  2 quokka skeletons (D:2)
  A quokka zombie (D:2)
  11 rats
618 creatures vanquished.

Notes
Turn   | Place    | Note
-------+----------+-------------------------------------------
     0 | D:1      | Hellonello the Octopode Shapeshifter began the quest for
                  | the Orb.
     0 | D:1      | Reached XP level 1. HP: 13/13 MP: 1/1
   114 | D:1      | Reached XP level 2. HP: 6/18 MP: 2/2
   345 | D:1      | Reached XP level 3. HP: 8/23 MP: 3/3
   387 | D:1      | Reached skill level 4 in Shapeshifting
   866 | D:2      | Found a faded altar of an unknown god.
  1067 | D:2      | Reached XP level 4. HP: 18/28 MP: 4/4
  1673 | D:3      | Reached skill level 5 in Shapeshifting
  1682 | D:3      | Reached XP level 5. HP: 24/33 MP: 5/5
  2300 | D:3      | Identified a scroll of acquirement
  2300 | D:3      | Acquired a manual of Dodging
  2386 | D:4      | Reached XP level 6. HP: 33/38 MP: 6/6
  2414 | D:4      | Noticed Eustachio
  2421 | D:4      | Killed Eustachio
  2422 | D:4      | Reached skill level 6 in Shapeshifting
  2578 | D:4      | Found a sand-covered staircase.
  2587 | Ossuary  | Entered an ossuary
  2680 | Ossuary  | Reached skill level 5 in Dodging
  2680 | Ossuary  | Reached XP level 7. HP: 4/43 MP: 7/7
  2965 | Ossuary  | Reached skill level 7 in Shapeshifting
  3254 | D:4      | Identified the +1 trident of the Egg {drain, MP+9}
  3345 | D:4      | Reached XP level 8. HP: 41/48 MP: 8/8
  4229 | D:5      | Entered Level 5 of the Dungeon
  4317 | D:5      | Noticed Menkaure
  4325 | D:5      | Killed Menkaure
  4326 | D:5      | Reached skill level 10 in Dodging
  5479 | D:6      | Reached XP level 9. HP: 58/58 MP: 9/9
  6253 | D:7      | Found Heomem's Assorted Antiques.
  6268 | D:7      | Bought a scroll of identify for 50 gold pieces
  6275 | D:7      | Found a staircase to the Ecumenical Temple.
  6281 | Temple   | Entered the Ecumenical Temple
  6297 | Temple   | Became a worshipper of Gozag Ym Sagoz the Greedy
  6378 | D:7      | Found a runed translucent door.
  6379 | D:7      | Noticed Crazy Yiuf
  6385 | D:7      | Killed Crazy Yiuf
  6882 | D:7      | Reached skill level 5 in Fighting
  7910 | D:8      | Found a staircase to the Lair.
  7910 | D:8      | Noticed a komodo dragon
  7923 | D:8      | Killed a komodo dragon
  7924 | D:8      | Reached XP level 10. HP: 53/66 MP: 10/10
  8045 | D:8      | Noticed Pikel
  8059 | D:8      | Killed Pikel
  8164 | D:8      | Reached skill level 15 in Dodging
  8168 | D:8      | Noticed a two-headed ogre
  8214 | D:8      | Killed a two-headed ogre
  8881 | D:9      | Reached skill level 5 in Unarmed Combat
  8886 | D:9      | Bought a scroll of identify for 28 gold pieces
  8886 | D:9      | Bought a scroll of identify for 28 gold pieces
  9063 | D:9      | Found a staircase to the Orcish Mines.
  9064 | D:9      | Found Qocau's Weapon Emporium.
  9210 | D:9      | Found a flagged portal.
  9271 | Bailey   | Entered a bailey
  9306 | Bailey   | Reached XP level 11. HP: 61/75 MP: 11/11
  9450 | Bailey   | Noticed a vault guard
  9464 | Bailey   | Killed a vault guard
  9528 | Bailey   | Noticed a vault guard
  9528 | Bailey   | Noticed Prince Ribbit
  9551 | Bailey   | Killed a vault guard
  9555 | Bailey   | Killed Prince Ribbit
  9805 | D:9      | Found a snail-covered altar of Cheibriados.
 10019 | D:10     | Entered Level 10 of the Dungeon
 10019 | D:10     | Noticed Maurice
 10132 | D:9      | Maurice stole a +6 ring of intelligence
 10140 | D:9      | Killed Maurice
 10346 | D:10     | Found a portal to a secret trove of treasure.
 11075 | Lair:1   | Entered Level 1 of the Lair of Beasts
 11106 | Lair:1   | Reached skill level 8 in Shapeshifting
 11275 | Lair:1   | Bought a smoking copper ring for 115 gold pieces
 11275 | Lair:1   | Identified the ring "Numunec" {rElec rC+ Str+5 Dex+6
                  | Stlth-} (You bought it in a shop on level 1 of the Lair of
                  | Beasts)
 11395 | Lair:1   | Reached skill level 9 in Shapeshifting
 11617 | Lair:1   | Reached XP level 12. HP: 84/84 MP: 12/12
 11638 | Lair:1   | Noticed Fannar
 11668 | Lair:1   | Killed Fannar
 11669 | Lair:1   | Reached skill level 10 in Shapeshifting
 11945 | Lair:1   | Identified the +11 whip "Gram" {flame, rElec rF+}
 12142 | Lair:1   | Found a bloodstained altar of Trog.
 12142 | Lair:1   | Noticed xnavy's ghost (journeyman GnCA)
 12148 | Lair:1   | Found a transporter.
 12153 | Lair:1   | Found a transporter.
 12206 | Lair:1   | Noticed Maggie
 12215 | Lair:1   | Killed Maggie
 12721 | Lair:2   | Noticed a boulder beetle
 12722 | Lair:2   | Reached skill level 10 in Fighting
 12736 | Lair:2   | Killed a boulder beetle
 12983 | Lair:2   | Noticed an eight-headed hydra
 12999 | Lair:2   | Killed an eight-headed hydra
 13086 | Lair:2   | Reached skill level 10 in Unarmed Combat
 13965 | Lair:3   | Noticed a seven-headed hydra
 13976 | Lair:3   | Killed a seven-headed hydra
 14262 | Lair:3   | Found a staircase to the Snake Pit.
 14276 | Lair:3   | Reached XP level 13. HP: 92/92 MP: 13/13
 14377 | Lair:3   | Found a staircase to the Swamp.
 14551 | Lair:3   | Identified the ring of the Red Skies {Wiz rN+ rCorr Int+3}
 15328 | Lair:4   | Reached skill level 11 in Shapeshifting
 15527 | Lair:4   | Noticed an ice dragon
 15538 | Lair:4   | Killed an ice dragon
 15790 | Lair:4   | Bought an amulet of reflection for 480 gold pieces
 15795 | Lair:4   | Bought a ring of see invisible for 240 gold pieces
 15967 | Lair:5   | Entered Level 5 of the Lair of Beasts
 16181 | Lair:5   | Found a staircase to the Slime Pits.
 16229 | Lair:5   | Reached skill level 12 in Shapeshifting
 16814 | Lair:5   | Reached skill level 13 in Shapeshifting
 16981 | Lair:5   | Reached XP level 14. HP: 71/99 MP: 14/14
 17232 | Lair:5   | Reached skill level 14 in Shapeshifting
 19151 | D:12     | Reached skill level 15 in Shapeshifting
 19362 | D:12     | Found Osuwathre's General Store.
 19581 | D:12     | Noticed an orc warlord
 19644 | D:12     | Killed an orc warlord
 20203 | D:13     | Found a frozen archway.
 20216 | D:13     | Reached skill level 16 in Shapeshifting
 20220 | IceCv    | Entered an ice cave
 20563 | IceCv    | Noticed a frost giant
 20582 | IceCv    | Killed a frost giant
 20583 | IceCv    | Reached XP level 15. HP: 81/103 MP: 15/15
 20788 | IceCv    | Reached skill level 17 in Shapeshifting
 23127 | D:14     | Reached skill level 18 in Shapeshifting
 23163 | D:14     | Slain by a vault guard

Illustrated notes

Levels and vault maps discovered:
D:1:      onia_arrival_handbag, layout_loops_ring, minmay_tetromino_i2
D:2:      layout_rooms, nicolae_ecumenical_pavilion, serial_undead,
          serial_undead_b, serial_undead_a, serial_undead_b, serial_undead_f,
          serial_undead_b, serial_undead_a, serial_undead_d, serial_undead_c,
          serial_undead_f, serial_undead_b, chequers_serial_rivers_micro_a,
          nicolae_twisty_statue_hallways
D:3:      layout_basic, hex_medium, chequers_jeans
D:4:      layout_basic, enter_ossuary_1, uniq_eustachio
D:5:      wander_river, layout_loops_ring, sigmund_army, uniq_menkaure
D:6:      layout_basic
D:7:      layout_basic, minmay_temple_entry_crystal_x, serial_shops, shop,
          uniq_crazy_yiuf_cottage
D:8:      layout_basic, due_lair_maze_entry_diamond, uniq_pikel
D:9:      layout_gridville, slow_altar_2, orc_david_3, enter_bailey_5
D:10:     layout_cave_pools, nicolae_trove_entry_free_sample,
          hangedman_decor_points, uniq_maurice
D:11:     layout_small_grid, kennysheep_generic_room_9
D:12:     layout_roguey, serial_shops, nicolae_shop_hallway_stairs,
          lightli_church_of_beogh
D:13:     layout_basic, portal_ice_cave_entry_pillars_2, serial_demonic,
          serial_demonic_d, serial_demonic_b, serial_demonic_c,
          serial_demonic_b, kennysheep_decorative_pillar,
          nicolae_underground_beach
D:14:     layout_long_grid, david_vaults_5, serial_shops, kennysheep_mini,
          kennysheep_small_spiral
Temple:   compressed_dpeg_triangle_lava_temple
Lair:1:   layout_chaotic_city, gammafunk_ghost_wrathful_warriors, st_stairs_13,
          minmay_holes, lemuel_fruit_fields, uniq_maggie, uniq_fannar
Lair:2:   layout_small_grid, kennysheep_abandoned_house, serial_bayou_shore_a,
          serial_bayou_shore_b
Lair:3:   layout_long_grid, minmay_swamp_entry_eels,
          minmay_snake_entry_guardpost_small, lemuel_fruit_tree
Lair:4:   layout_hall_layers, st_stairs_5, bobbens_ice_dragon_lair
Lair:5:   evilmike_catoblepas_cave, layout_gridlike, slime_entry_1

Skill      XL: |  1  2  3  4  5  6  7  8  9 10 11 12 13 14 15 |
---------------+----------------------------------------------+-----
Shapeshifting  | 4 5 6 7 9 10 13 16 18 | 18.1
Dodging        | 5 7 11 14 15 | 15.0
Fighting       | 3 5 7 8 10 | 10.0
Unarmed Combat | 6 7 11 12 | 12.0

Action                     |  1- 3 |  4- 6 |  7- 9 | 10-12 | 13-15 || total
---------------------------+-------+-------+-------+-------+-------++-------
  Melee: Unarmed           |    97 |   153 |   392 |   598 |   813 ||  2053
         Constrict         |    31 |    51 |    98 |   117 |   180 ||   477
         Tentacles         |    24 |    52 |   121 |   120 |       ||   317
         Punch             |       |       |     1 |     2 |       ||     3
 Invoke: Call Merchant     |       |       |       |     2 |     1 ||     3
  Evoke: Wand              |       |       |     1 |     5 |    10 ||    16
    Use: Scroll            |     1 |     5 |    12 |     8 |     5 ||    31
         Potion            |       |       |     1 |     1 |       ||     2
   Stab: Distracted        |       |       |       |     5 |    10 ||    15
         Sleeping          |       |       |       |     1 |       ||     1
 Armour: Skin              |    37 |    58 |   136 |   198 |   342 ||   771
  Dodge: Dodged            |    82 |   141 |   385 |   585 |   826 ||  2019
  Block: Other             |       |       |       |       |   141 ||   141
         Reflection        |       |       |       |       |    10 ||    10
   Form: Flux              |     1 |       |       |       |       ||     1
         Serpent           |       |       |       |     1 |       ||     1

Table legend: (Time is in decaauts)
 A = Elapsed time spent in this place.
 B = Non-inter-level travel time spent in this place.
 C = Inter-level travel time spent in this place.
 D = Time resting spent in this place.
 E = Time spent auto-exploring this place.
 F = Levels seen in this place.
 G = Mean time per level.
                   A        B        C        D        E       F      G
               +--------+--------+--------+--------+--------+-----+--------+
         Total |  22887 |  22199 |    688 |   5286 |  12370 |  23 |  995.1 |
       Dungeon |  13999 |  13499 |    500 |   3053 |   7760 |  14 |  999.9 |
        Temple |     32 |     32 |      0 |      0 |      0 |   1 |   32.0 |
          Lair |   6789 |   6602 |    187 |   1298 |   4070 |   5 | 1357.8 |
       Ossuary |    613 |    613 |      0 |    270 |    134 |   1 |  613.0 |
        Bailey |    398 |    398 |      0 |    165 |     81 |   1 |  398.0 |
      Ice Cave |   1054 |   1054 |      0 |    500 |    325 |   1 | 1054.0 |
               +--------+--------+--------+--------+--------+-----+--------+

Top non-repeatable levels by time:
  Lair:5: 1764 daAuts
    D:12: 1690 daAuts
     D:8: 1541 daAuts
  Lair:1: 1401 daAuts
  Lair:3: 1293 daAuts
     D:4: 1274 daAuts
  Lair:4: 1200 daAuts
     D:5: 1164 daAuts
  Lair:2: 1129 daAuts
    D:13: 1129 daAuts
     D:7: 1110 daAuts
   IceCv: 1054 daAuts
     D:9: 908 daAuts
    D:10: 890 daAuts
     D:1: 861 daAuts
